Get step-by-step instructions on how to execute this build order below. Start the game timer, and the build order will tick by so you can play in parallel with StarCraft on a second screen or mobile device.

Game Time

  0:00

Last Step

  N/A

Next Step

Upcoming Step



Don't want to look back and forth between 2 screens? Try out our Overwolf App, the Spawning Tool Build Advisor to get an in-game overlay with this build!

Complete Build Order

  12  0:00  SCV  
  13  0:13  SCV  
  14  0:17  Supply Depot  
  14  0:25  SCV  
  15  0:30  Refinery  
  15  0:40  SCV  
  16  0:48  Supply Depot  
  16  1:03  Barracks  
  16  1:19  SCV  
  17  1:31  SCV  
  17  1:32  Supply Depot  
  18  1:51  Marine  
  19  1:55  Refinery  
  19  2:00  Barracks  
  19  2:09  Marine  
  21  2:58  Barracks Reactor  
  20  3:02  Barracks Reactor, Engineering Bay  
  20  3:03  Orbital Command  
  20  3:14  Bunker  
  20  3:34  Marine x2  
  20  3:38  Marine x2  
  24  3:46  Terran Infantry Weapons Level 1  
  24  3:47  Factory  
  24  3:52  Marine x2  
  26  3:56  Marine x2  
  28  4:10  Marine x2  
  28  4:14  Marine x2  
  32  4:24  Barracks  
  32  4:33  Supply Depot  
  32  4:55  Supply Depot  
  32  5:31  Barracks Tech Lab  
  32  5:33  Bunker  
  32  5:37  Marine x4  
  36  5:46  Supply Depot  
  36  5:47  SCV  
  37  5:52  Terran Infantry Armor Level 1  
  37  5:53  Command Center  
  37  5:55  Factory Tech Lab, Marine x3  
  40  6:09  Supply Depot  
  23  6:51  Marine x4  
  23  6:52  Marine  
  28  7:01  Combat Shield  
  28  7:07  Orbital Command  
  28  7:09  Marine x3  
  28  7:10  Marauder  
  33  7:32  Marauder  
  34  7:53  Marauder